 Dungeon Crawl Stone Soup version 0.27-a0-1591-gc56fcc985a (webtiles) character file.

Game seed: 13831088399518632075

150 lunkers the Magician (level 5, -2/35 HPs)
             Began as a Djinni Earth Elementalist on July 19, 2021.
             Slain by an orc wizard (3 damage)
             ... on level 3 of the Dungeon on July 20, 2021.
             The game lasted 00:03:47 (2330 turns).

lunkers the Magician (Djinni Earth Elementalist)    Turns: 2330, Time: 00:03:48

Health: -2/35      AC:  2    Str:  6 (7)  XL:     5   Next: 58%
Gold:   138        EV: 12    Int: 15 (18) God:
                   SH:  0    Dex: 11 (13)

rFire    + + .     SeeInvis .   g - +0 short sword (vamp)
rCold    x . .     Faith    .   (no shield)
rNeg     . . .     Spirit   .   b - +0 robe
rPois    ∞         Reflect  .   (no helmet)
rElec    .         Harm     .   (no cloak)
rCorr    +         Rampage  .   (no gloves)
Will     .....                  (boots unavailable)
Stlth    +.........             (no amulet)
HPRegen  0.11/turn              d - ring of resist corrosion
MPRegen  0.00/turn              (no ring)

@: confused, brilliant, flying
A: sickness immunity, fire resistance 2, cold vulnerability 1, float, innate
caster, hp casting, extra vitality 1
a: no special abilities


You were on level 3 of the Dungeon.
You visited 1 branch of the dungeon, and saw 4 of its levels.

You collected 138 gold pieces.

Inventory:

Hand Weapons
 g - a +0 vampiric short sword (weapon)
Missiles
 c - 7 stones
Armour
 b - a +0 robe (worn)
Magical Staves
 k - a staff of death
Jewellery
 d - a ring of resist corrosion (left hand)
Scrolls
 a - a scroll of identify {unknown}
 e - a scroll of enchant armour {unknown}
 f - a scroll of teleportation {unknown}
 j - a scroll of blinking {unknown}
 m - a scroll of holy word {unknown}
 n - a scroll of enchant weapon {unknown}
 o - a scroll of fog {unknown}


   Skills:
 - Level 2.1 Dodging
 - Level 1.5 Stealth
 * Level 4.5 Spellcasting


You couldn't memorise any spells.
You knew the following spells:

 Your Spells              Type           Power      Damage    Failure   Level
a - Sandblast             Erth           50%        2d12      2%          1
b - Passwall              Tmut/Erth      20%        N/A       4%          2
c - Stone Arrow           Conj/Erth      50%        3d10      8%          3
d - Petrify               Tmut/Erth      25%        N/A       26%         4
e - Summon Small Mammal   Summ           100%       N/A       2%          1
f - Slow                  Hex            25%        N/A       4%          2
Your spell library was empty.

Dungeon Overview and Level Annotations

Branches:
Dungeon (4/15)
 Temple: D:4-7

Altars:


Innate Abilities, Weirdness & Mutations

You are immune to sickness and miasma.
You are immune to poison.
Your flesh is very heat resistant. (rF++)
You are vulnerable to cold. (rC-)
You float through the air rather than walking.
You learn spells naturally, not from books.
Your magical power is your life essence.
You have superior vitality. (+4 HP)


Message History

* * * LOW HITPOINT WARNING * * *
You hear some strange, mumbled words.
You are confused.
Unknown command.
You bump into the rock wall.
Something hits you.
* * * LOW HITPOINT WARNING * * *
A magic dart appears from out of thin air!
The magic dart hits you!
* * * LOW HITPOINT WARNING * * *
You bump into the rock wall.
You feel less confused.
Casting: Sandblast (safe; 2% risk of failure)
Confirm with . or Enter, or press ? or * to list all spells.
Aiming: Sandblast (safe; 2% risk of failure)
Press: ? - help, Shift-Dir - straight line The blast of sand hits something!
* * * LOW HITPOINT WARNING * * *
You hear some strange, mumbled words.
You are confused.
You bump into the rock wall.
Something hits you.
* * * LOW HITPOINT WARNING * * *
You hear some strange, mumbled words.
You are more confused.
Unknown command.
You're too confused to move!
You hear some strange, mumbled words.
A puff of flame appears from out of thin air!
The puff of flame hits you. You resist.
* * * LOW HITPOINT WARNING * * *
It was a potion of flight.
You feel more buoyant.
It was a potion of degeneration.
There was something very wrong with that liquid.
You feel weakened.
You feel dopey.
You feel clumsy. Something hits you.
* * * LOW HITPOINT WARNING * * *
It was a potion of brilliance.
You feel clever all of a sudden. Something hits you.
You die...

#.# ###.......###.....##
#. #.# #.......#.......#
## #.# #..........####.#
#.## #.......<.## #.#
#..## #........## #.#
##..# #.......## #.#
##..####.......# #.#
##.##..........#######.#
...............{@......###
#.........)...#######....#
#...##........#
###..########
..#.##.......>#
#........<.
.##.##......))#
#.#########
.##.########### #.# .##.#
#.## .##.## #..####
.....###### ##....#####


There were no monsters in sight!

Vanquished Creatures
  4 gnolls (D:2)
  4 adders
  3 worms (D:2)
  2 dart slugs (D:1)
  3 orcs
  A ball python (D:1)
  6 endoplasms
  3 giant cockroaches
  7 goblins
  5 hobgoblins
  3 quokkas (D:1)
  4 bats
  5 frilled lizards
  7 kobolds
  6 rats
63 creatures vanquished.

Vanquished Creatures (others)
  5 toadstools (D:1)
5 creatures vanquished.

Grand Total: 68 creatures vanquished

Notes
Turn   | Place    | Note
-------+----------+-------------------------------------------
     0 | D:1      | lunkers the Djinni Earth Elementalist began the quest for
                  | the Orb.
     0 | D:1      | Reached XP level 1. HP: 15/15 MP: 0/0
   182 | D:1      | Reached XP level 2. HP: 19/21 MP: 0/0
   257 | D:1      | Reached skill level 3 in Spellcasting
   421 | D:1      | Reached XP level 3. HP: 21/25 MP: 0/0
   421 | D:1      | Learned a level 1 spell: Summon Small Mammal
  1339 | D:2      | Reached XP level 4. HP: 28/31 MP: 0/0
  1346 | D:2      | Reached skill level 4 in Spellcasting
  1572 | D:2      | Reached XP level 5. HP: 34/35 MP: 0/0
  1572 | D:2      | Learned a level 2 spell: Slow
  2329 | D:3      | HP: 1/35 [something (2)]
  2330 | D:3      | Slain by an orc wizard

Illustrated notes

Levels and vault maps discovered:
D:1:      ldierk_walled_garden, layout_rooms, st_stairs_8, serial_bayou_pond_e,
          minivault_14
D:2:      layout_rooms, kennysheep_path_1
D:3:      layout_rooms, chequers_serial_rivers_room_b
D:4:      layout_basic

Skill      XL: |  1  2  3  4 |
---------------+-------------+-----
Spellcasting   | 3 4 |  4.5
Dodging        | |  2.1
Stealth        | |  1.5

Action                   |  1- 3 |  4- 6 || total
-------------------------+-------+-------++-------
 Cast: Sandblast         |    54 |    47 ||   101
  Use: Potion            |       |     3 ||     3
Armor: Robe              |     3 |     2 ||     5
Dodge: Dodged            |     7 |    13 ||    20

Table legend: (Time is in decaauts)
 A = Elapsed time spent in this place.
 B = Non-inter-level travel time spent in this place.
 C = Inter-level travel time spent in this place.
 D = Time resting spent in this place.
 E = Time spent auto-exploring this place.
 F = Levels seen in this place.
 G = Mean time per level.
                   A        B        C        D        E       F      G
               +--------+--------+--------+--------+--------+-----+--------+
         Total |   2328 |   2277 |     51 |     80 |   1886 |   4 |  582.0 |
       Dungeon |   2328 |   2277 |     51 |     80 |   1886 |   4 |  582.0 |
               +--------+--------+--------+--------+--------+-----+--------+

Top non-repeatable levels by time:
     D:1: 993 daAuts
     D:2: 861 daAuts
     D:3: 454 daAuts
     D:4: 19 daAuts
